 Dungeon Crawl Stone Soup version 0.30.1-4-g462c640d31 (webtiles) character file.

Game seed: 18134037550973516242

469 Cheops the Conjurer (level 6, -4/37 HPs)
             Began as a Deep Elf Conjurer on Aug 29, 2023.
             Shot with a bolt by an orc warrior (7 damage)
             ... on level 4 of the Dungeon.
             The game lasted 00:10:30 (5433 turns).

Cheops the Conjurer (Deep Elf Conjurer)             Turns: 5433, Time: 00:10:30

Health: -4/37      AC:  5    Str:  4    XL:     6   Next: 82%
Magic:  0/15       EV: 17    Int: 31    God:
Gold:   333        SH:  0    Dex: 13    Spells: 1/15 levels left

rFire   . . .        a - +0 dagger (drain)
rCold   . . .        (no shield)
rNeg    . . .        l - +0 robe
rPois   .            k - +0 helmet
rElec   .            s - +0 cloak
rCorr   .            E - +0 pair of gloves
SInv    .            (no boots)
Will    .....        v - amulet of guardian spirit
Stlth   ++           h - +6 ring of intelligence
HPRegen 0.26/turn    z - +5 ring of evasion
MPRegen 0.14/turn

%: guardian spirit
@: very slightly contaminated, studying Fighting
A: no striking features
a: no special abilities


You were on level 4 of the Dungeon.
You visited 2 branches of the dungeon, and saw 6 of its levels.

You collected 333 gold pieces.

Inventory:

Hand Weapons
 a - a +0 dagger of draining (weapon)
 p - a +0 short sword
Armour
 k - a +0 helmet (worn)
 l - a +0 robe (worn)
 s - a +0 cloak (worn)
 E - a +0 pair of gloves (worn)
Jewellery
 h - a +6 ring of intelligence (left hand)
 m - a ring of resist corrosion
 v - an amulet of guardian spirit (around neck)
 y - a ring of protection from cold
 z - a +5 ring of evasion (right hand)
 D - a ring of see invisible
Wands
 j - a wand of paralysis (4)
Scrolls
 c - 2 scrolls of teleportation {unknown}
 d - 2 scrolls of immolation {unknown}
 o - 2 scrolls of magic mapping {unknown}
 r - a scroll of silence {unknown}
 t - a scroll of enchant armour {unknown}
 u - a scroll of fog {unknown}
Potions
 b - 2 potions of magic
 e - 3 potions of ambrosia {unknown}
 f - a potion of mutation
 g - 5 potions of curing {unknown}
 i - 3 potions of haste {unknown}
 n - 3 potions of flight
 q - 3 potions of heal wounds
 w - a potion of attraction
 x - a potion of lignification
 C - a potion of resistance


   Skills:
 + Level 3.5 Fighting
 - Level 2.4 Dodging
 - Level 2.4 Stealth
 - Level 5.0 Spellcasting
 - Level 7.0 Conjurations
 * Level 3.3 Hexes


You had one spell level left.
You knew the following spells:

 Your Spells              Type           Power      Damage    Failure   Level
a - Magic Dart            Conj           100%       1d8       1%          1
b - Searing Ray           Conj           100%       2d8       1%          2
c - Iskenderun's Mystic   Conj/Tloc      29%        2d7       13%         4
d - Dazzling Flash        Conj/Hex       78%        N/A       1%          3
p - Fulminant Prism       Conj/Hex       19%        3d10      7%          4

Your spell library contained the following spells:

 Spells                   Type           Power      Damage    Failure   Level
 Necrotise                Necr           28%        1d5       5%          1
 Stone Arrow              Conj/Erth      58%        3d10      3%          3
 Gell's Gravitas          Tloc           7%         N/A       16%         3
 Teleport Other           Tloc           7%         N/A       16%         3
 Vampiric Draining        Necr           7%         2d6       16%         3
 Vhi's Electric Charge    Tloc/Air       14%        N/A       16%         3
 Arcjolt                  Conj/Air       14%        1d24      34%         5
 Animate Armour           Summ/Erth      14%        N/A       47%         4
 Agony                    Necr           7%         N/A       83%         5
 Dispersal                Tloc           3%         N/A       100%        6
 Plasma Beam              Fire/Air       3%         2x1d15    100%        6
 Lehudib's Crystal Spear  Conj/Erth      14%        10d5      100%        8


Dungeon Overview and Level Annotations

Branches:
Dungeon (5/15)             Temple (1/1) D:5

Altars:
Cheibriados
Gozag
Hepliaklqana
Kikubaaqudgha
Makhleb
Okawaru
Qazlal
Ru
Uskayaw
Wu Jian
Xom
Yredelemnul
Zin

Annotations:
D:4 !orc warrior


Message History

Casting: Searing Ray (safe; 1% risk of failure)
Confirm with . or Enter, or press ? or * to list all spells.
The spell is quite dangerous to miscast (7% risk of failure)!
Continue anyway?
Aiming: Fulminant Prism (quite dangerous; 7% risk of failure)
Press: ? - help, Dir - move target You conjure a prism of explosive energy!
The orc warrior shouts!
A fulminant prism comes into view.
Your fulminant prism crackles loudly.
Casting: Fulminant Prism (quite dangerous; 7% risk of failure)
Confirm with . or Enter, or press ? or * to list all spells.
The spell is quite dangerous to miscast (7% risk of failure)!
Continue anyway?
Aiming: Fulminant Prism (quite dangerous; 7% risk of failure)
Press: ? - help, Dir - move target You miscast Fulminant Prism.
You are very lightly contaminated with residual magic.
Nothing appears to happen.
The orc warrior shoots a bolt.
The bolt hits you!
Your fulminant prism explodes!
Casting: Fulminant Prism (quite dangerous; 7% risk of failure)
Confirm with . or Enter, or press ? or * to list all spells.
The spell is quite dangerous to miscast (7% risk of failure)!
Continue anyway?
Aiming: Fulminant Prism (quite dangerous; 7% risk of failure)
Press: ? - help, Dir - move target You conjure a prism of explosive energy!
A fulminant prism comes into view.
The orc warrior shoots a bolt.
The bolt hits you!
* * * LOW HITPOINT WARNING * * *
Casting: Fulminant Prism (quite dangerous; 7% risk of failure)
Confirm with . or Enter, or press ? or * to list all spells.
Okay, then.
Your fulminant prism crackles loudly.
The orc warrior shoots a bolt.
The bolt hits you!
* * * LOW HITPOINT WARNING * * *
Your fulminant prism explodes!
The blast of energy engulfs the orc warrior!
The orc warrior is moderately wounded.
There is a stone staircase leading up, spattered with blood here.
You can't go down here!
The orc warrior shoots a bolt.
The bolt hits you!
You die...

................#.#.# #....
.......###..#..##.#.#########....
..#...##.#..##.##..........###'##
###..##.##..##.##..........# #.#
##..###.#......##..........# #.#
#..##..##.......#..........# #.#
..###.##...........o.......# #.#
.##...##.......#.#.........###.##
####.##........#@....###...#.....
#....##........##...##8##..#?....
##.###.......#.##..##...##.#.....
.............#.##.##8...8###.....
.......##....#.##.##.....###.....
##.....#######.##....._..8##.....
#.....# #.##.##.....###.....
#.....# #.##.##8...8#.......
#.....# #.##.###...##.....##


You could see an orc warrior.

Vanquished Creatures
  A water moccasin (D:5)
  4 hounds (D:5)
  A jelly (D:5)
  An orc priest (D:5)
  A sleepcap (D:4)
  3 gnolls (D:2)
  4 adders
  A shadow imp (D:5)
  An ufetubus (D:5)
  2 worms
  3 dart slugs
  10 orcs
  3 endoplasms
  3 giant cockroaches
  3 goblins
  3 hobgoblins
  5 kobolds
  5 quokkas
  5 ball pythons
  7 bats
  3 frilled lizards
  4 rats
73 creatures vanquished.

Vanquished Creatures (others)
  2 fulminant prisms (D:4)
2 creatures vanquished.

Grand Total: 75 creatures vanquished

Notes
Turn   | Place    | Note
-------+----------+-------------------------------------------
     0 | D:1      | Cheops the Deep Elf Conjurer began the quest for the Orb.
     0 | D:1      | Reached XP level 1. HP: 10/10 MP: 6/6
   150 | D:1      | Found a faded altar of an unknown god.
   385 | D:1      | Reached XP level 2. HP: 15/15 MP: 6/9
   894 | D:1      | Learned a level 2 spell: Searing Ray
   962 | D:2      | Reached skill level 5 in Spellcasting
   962 | D:2      | Reached XP level 3. HP: 16/19 MP: 0/11
  1491 | D:2      | Reached skill level 5 in Conjurations
  1510 | D:2      | Found an ornate altar of the Wu Jian Council.
  1758 | D:2      | Learned a level 3 spell: Dazzling Flash
  2028 | D:3      | Reached XP level 4. HP: 24/24 MP: 10/13
  2250 | D:3      | Found an opulent altar of Gozag.
  2720 | D:3      | Learned a level 4 spell: Fulminant Prism
  3026 | D:4      | Noticed an orc warrior
  3228 | D:4      | Reached skill level 6 in Conjurations
  3285 | D:4      | Reached XP level 5. HP: 28/28 MP: 8/14
  3378 | D:4      | Found an ornate altar of the Wu Jian Council.
  3516 | D:4      | Found an ancient bone altar of Kikubaaqudgha.
  3579 | D:5      | Entered Level 5 of the Dungeon
  3636 | D:5      | Noticed a water moccasin
  3642 | D:5      | Killed a water moccasin
  3643 | D:5      | Reached XP level 6. HP: 19/35 MP: 3/15
  3747 | D:5      | Reached skill level 7 in Conjurations
  3882 | D:5      | Learned a level 4 spell: Iskenderun's Mystic Blast
  3998 | D:5      | Found an iron altar of Okawaru.
  4008 | D:5      | Reached skill level 1 in Hexes
  4193 | D:5      | Found a staircase to the Ecumenical Temple.
  4201 | Temple   | Entered the Ecumenical Temple
  4631 | D:5      | Found a snail-covered altar of Cheibriados.
  5433 | D:4      | Shot with a bolt by an orc warrior

Illustrated notes

Levels and vault maps discovered:
D:1:      lightli_arrival_boilingwater, layout_basic,
          ebering_ecumenical_altar_petrified
D:2:      layout_loops_cross, basic_altar, minmay_misc_feat_ornament
D:3:      layout_basic, nicolae_gozag_cash_rules_everything_around_me
D:4:      layout_basic, amcnicky_altar_gilded, nzn_wu_jian_council_hall,
          minmay_manual_mandibuliform
D:5:      layout_basic, lemuel_crystal_altar, okawaru_trees_2,
          minmay_temple_entry_proselytizer
Temple:   hellmonk_temple_beads

Skill      XL: |  1  2  3  4  5  6 |
---------------+-------------------+-----
Spellcasting   | 4 5 |  5.0
Conjurations   | 5 6 7 |  7.0
Fighting       | 2 3 |  3.5
Hexes          | 3 |  3.3
Dodging        | |  2.4
Stealth        | |  2.4

Action                     |  1- 3 |  4- 6 || total
---------------------------+-------+-------++-------
  Melee: Dagger            |       |     3 ||     3
   Cast: Magic Dart        |    45 |    51 ||    96
         Searing Ray       |     5 |    22 ||    27
         Fulminant Prism   |       |     2 ||     2
    Use: Scroll            |       |     8 ||     8
 Armour: Robe              |       |     1 ||     1
  Dodge: Dodged            |     1 |     6 ||     7
